 Dungeon Crawl Stone Soup version 0.31-a0-765-g67fe2935dc (webtiles) character file.

Game seed: 4228452286425479299

2977 Dirtsage the Cleaver (level 9, -10/63 HPs)
             Began as a Demonspawn Berserker on Sept 15, 2023.
             Was an Elder of Trog.
             Killed from afar by an acid dragon (33 damage)
             ... with a splash of acid
             ... on level 7 of the Dungeon.
             The game lasted 00:07:23 (5585 turns).

Dirtsage the Cleaver (Demonspawn Berserker)         Turns: 5585, Time: 00:07:23

Health: -10/63     AC: 15    Str: 22    XL:     9   Next: 53%
Magic:  9/9        EV: 11    Int:  9    God:    Trog [****..]
Gold:   454        SH:  6    Dex: 12    Spells: 8/8 levels left

rFire   + . .        d - +2 war axe (drain)
rCold   + + .        (no shield)
rNeg    . . .        D - +4 plate armour {rC+}
rPois   .            (no helmet)
rElec   .            s - scarf {rC+ rF+}
rCorr   .            i - +0 pair of gloves
SInv    .            (no boots)
Will    .....        (no amulet) Stlth
                     r - +5 ring of evasion
HPRegen 0.30/turn    (no ring)
MPRegen 0.11/turn

%: no passive effects
@: no status effects
A: large bone plates 2, spiny 2, weakness stinger 1
a: Renounce Religion, Berserk, Trog's Hand, Brothers in Arms


You were on level 7 of the Dungeon.
You worshipped Trog.
Trog was greatly pleased with you.
You visited 2 branches of the dungeon, and saw 8 of its levels.

You collected 454 gold pieces.

Inventory:

Hand Weapons
 a - a +0 hand axe
 d - a +2 war axe of draining (weapon)
 E - a +3 morningstar of protection
Armour
 b - a +0 animal skin
 i - a +0 pair of gloves (worn)
 k - a +0 scale mail
 s - a scarf of resistance (worn)
 C - the +5 ring mail of the Rose {rF+ rC- Str+3}
   (You found it on level 6 of the Dungeon)

   Str+3:     It affects your strength (+3).
   rF+:       It protects you from fire.
   rC-:       It makes you vulnerable to cold.
 D - a +4 plate armour of cold resistance (worn)
Jewellery
 r - a +5 ring of evasion (left hand)
 t - a +6 ring of intelligence
Wands
 y - a wand of roots (14)
Scrolls
 c - a scroll of vulnerability {unknown}
 e - 3 scrolls of fog {unknown}
 f - 3 scrolls of enchant armour {unknown}
 g - 2 scrolls of immolation {unknown}
 h - 8 scrolls of identify {unknown}
 m - a scroll of butterflies {unknown}
 p - 2 scrolls of revelation {unknown}
 q - 2 scrolls of enchant weapon {unknown}
 v - a scroll of poison {unknown}
 z - a scroll of noise {unknown}
 B - 3 scrolls of teleportation {unknown}
Potions
 j - 3 potions of curing {unknown}
 l - a potion of enlightenment {unknown}
 n - 4 potions of might {unknown}
 o - a potion of invisibility {unknown}
 u - a potion of ambrosia {unknown}
 w - a potion of mutation {unknown}
 x - a potion of resistance {unknown}
 A - a potion of heal wounds {unknown}
 F - a potion of degeneration {unknown}


   Skills:
 - Level 3.0 Fighting
 + Level 12.4 Axes
 - Level 1.7 Armour
 - Level 1.7 Dodging


You had 8 spell levels left.
You didn't know any spells.
Your spell library contained the following spells:

 Spells                   Type           Power      Damage    Failure   Level
 Sandblast                Erth           0%         2d4       100%        1
 Sting                    Tmut/Pois      0%         1d3       100%        1
 Cigotuvi's Dreadful Rot  Necr/Pois/Air  0%         N/A       100%        2
 Passwall                 Tmut/Erth      0%         N/A       100%        2
 Poisonous Vapours        Pois/Air       0%         N/A       100%        2
 Ignite Poison            Fire/Tmut/Pois 0%         N/A       100%        3
 Stone Arrow              Conj/Erth      0%         3d7       100%        3
 Volatile Blastmotes      Fire/Tloc      0%         2d10      100%        3
 Animate Dead             Necr           0%         N/A       100%        4
 Fulminant Prism          Conj/Hex       0%         3d5       100%        4
 Iskenderun's Mystic Bla  Conj/Tloc      0%         2d3       100%        4
 Olgreb's Toxic Radiance  Pois           0%         N/A       100%        4
 Freezing Cloud           Conj/Ice/Air   0%         6-21      100%        5
 Haunt                    Necr/Summ      0%         N/A       100%        7
 Infestation              Necr           0%         N/A       100%        8


Dungeon Overview and Level Annotations

Branches:
Dungeon (7/15)             Temple (1/1) D:5

Altars:
Ashenzari
Cheibriados
Dithmenos
Fedhas
Hepliaklqana
Kikubaaqudgha
Makhleb
Nemelex Xobeh
Okawaru
Qazlal
Ru
Sif Muna
Trog
Uskayaw
Vehumet
Wu Jian
Xom
Yredelemnul


Innate Abilities, Weirdness & Mutations

You are mostly covered in large bone plates. (SH +6)
You are mostly covered in sharp spines.
You have a small tail.


Message History

An acid dragon comes into view.
The acid dragon roars!
The acid dragon spits acid at you. The splash of acid hits you!!
You hear a roar!
You take 21 damage, and have 42/63 hp.
MASSIVE DAMAGE!!
The boulder beetle curls into a ball and begins rolling!
The boulder beetle stops rolling and uncurls.
The acid dragon spits acid at you. The splash of acid hits you!
You take 10 damage, and have 34/63 hp.
An acid dragon comes into view.
You hit the boulder beetle but do no damage.
You drain the boulder beetle. You tail-slap the boulder beetle.
The boulder beetle is lightly wounded.
You hit the boulder beetle.
The boulder beetle is lightly wounded.
The boulder beetle bites you!
You take 8 damage, and have 26/63 hp.
You completely miss the boulder beetle.
The boulder beetle is lightly wounded.
You hit the boulder beetle but do no damage.
You drain the boulder beetle. You tail-slap the boulder beetle.
The boulder beetle is moderately wounded.
The boulder beetle bites you.
You take 5 damage, and have 22/63 hp.
You completely miss the boulder beetle.
The boulder beetle is moderately wounded.
The boulder beetle barely misses you.
You barely miss the boulder beetle. You tail-slap the boulder beetle.
The boulder beetle is moderately wounded.
The boulder beetle closely misses you.
You hit the boulder beetle but do no damage.
You drain the boulder beetle.
The boulder beetle is moderately wounded.
The boulder beetle leaps!
The acid dragon spits acid at you. The splash of acid hits you!!
Ouch! That really hurt!
You die...

#. .# #.)##..#..#
#..#####..# #..##..#..#
#.......# ..##..###..#
###'### ####.#####.##
##.[...## #.# #..#
##.......## ##.# #.## .
#...###...# ##..# #.#
#..###..## ##.D###..##
##.# #......# #.D°@..##
#..# #####..## ##..#####
##.## #...###...# ##..#
## ##.......## ###..##
.#######.....#######...##
.....#####+#####.....###
.###.............##..#
..#####.#.#####..#..##
..........<..†#....##


You could see 2 acid dragons.

Vanquished Creatures
  2 rust devils (D:5)
  Sigmund (D:3)
  A vampire mosquito (D:7)
  A water moccasin (D:6)
  3 ice beasts
  A black bear (D:5)
  A sky beast (D:7)
  3 orc warriors (D:5)
  An ogre (D:7)
  3 centaurs
  A phantom (D:7)
  A bullfrog (D:3)
  A scorpion (D:6)
  A howler monkey (D:4)
  4 hounds
  A jelly (D:5)
  2 orc priests
  4 iguanas
  Jessica (D:2)
  4 orc wizards
  3 gnolls (D:5)
  6 adders
  A white imp (D:7)
  2 ufetubi
  A worm (D:3)
  A dart slug (D:2)
  22 orcs
  5 endoplasms
  2 giant cockroaches
  7 goblins
  4 hobgoblins
  5 jackals
  7 kobolds
  4 quokkas
  7 ball pythons
  7 bats
  6 frilled lizards
  9 rats
136 creatures vanquished.

Notes
Turn   | Place    | Note
-------+----------+-------------------------------------------
     0 | D:1      | Dirtsage the Demonspawn Berserker began the quest for the
                  | Orb.
     0 | D:1      | Reached XP level 1. HP: 18/18 MP: 1/1
   147 | D:1      | Reached skill level 3 in Axes
   267 | D:1      | Gained mutation: You have a small tail. [demonic ancestry]
   267 | D:1      | Reached XP level 2. HP: 24/24 MP: 2/2
   881 | D:2      | Reached XP level 3. HP: 17/29 MP: 3/3
   883 | D:2      | Reached ** piety under Trog
   945 | D:2      | Found a faded altar of an unknown god.
   949 | D:2      | Reached skill level 4 in Axes
  1093 | D:2      | Noticed Jessica
  1098 | D:2      | Killed Jessica
  1130 | D:2      | Gained mutation: You are partially covered in sharp spines.
                  | [demonic ancestry]
  1130 | D:2      | Reached XP level 4. HP: 35/35 MP: 4/4
  1616 | D:3      | Noticed a bullfrog
  1619 | D:3      | Killed a bullfrog
  1620 | D:3      | Reached skill level 5 in Axes
  1620 | D:3      | Gained mutation: You are partially covered in large bone
                  | plates. (SH +4) [demonic ancestry]
  1620 | D:3      | Reached XP level 5. HP: 41/41 MP: 5/5
  1824 | D:3      | Noticed Sigmund
  1829 | D:3      | Killed Sigmund
  1830 | D:3      | Reached skill level 6 in Axes
  1830 | D:3      | Gained mutation: You are mostly covered in large bone
                  | plates. (SH +6) [demonic ancestry]
  1830 | D:3      | Reached XP level 6. HP: 47/47 MP: 6/6
  2386 | D:3      | Reached *** piety under Trog
  2474 | D:3      | Found a faded altar of an unknown god.
  2478 | D:3      | Found a blossoming altar of Fedhas.
  2499 | D:3      | Saving game... please wait.
  2838 | D:4      | Reached skill level 7 in Axes
  3529 | D:5      | Entered Level 5 of the Dungeon
  3530 | D:5      | Noticed an ice beast
  3540 | D:5      | Reached XP level 7. HP: 40/52 MP: 7/7
  3555 | D:5      | Reached skill level 8 in Axes
  3875 | D:5      | Found a staircase to the Ecumenical Temple.
  3882 | Temple   | Entered the Ecumenical Temple
  4263 | D:6      | Identified the +5 ring mail of the Rose {rF+ rC- Str+3}
  4395 | D:6      | Identified the +6 trident of the Butterfly {heavy, Will+}
  4414 | D:6      | Reached skill level 9 in Axes
  4414 | D:6      | Gained mutation: You are mostly covered in sharp spines.
                  | [demonic ancestry]
  4414 | D:6      | Reached XP level 8. HP: 42/58 MP: 8/8
  4417 | D:5      | Noticed a rust devil
  4417 | D:5      | Noticed a rust devil
  4426 | D:5      | Killed a rust devil
  4428 | D:5      | Reached **** piety under Trog
  4429 | D:5      | Reached skill level 10 in Axes
  4431 | D:5      | HP: 4/87 [orc warrior/+0 glaive (13)]
  4433 | D:5      | Killed a rust devil
  4638 | D:6      | Reached skill level 11 in Axes
  4755 | D:6      | Reached XP level 9. HP: 63/63 MP: 9/9
  5331 | D:7      | Reached skill level 12 in Axes
  5557 | D:7      | Noticed a boulder beetle
  5585 | D:7      | Killed from afar by an acid dragon

Illustrated notes

Levels and vault maps discovered:
D:1:      mrwooster_arrival_statue, layout_loops_corners
D:2:      layout_loops_ring, chequers_ecumenical_altar_simple_redux,
          kennysheep_jessica_study
D:3:      minmay_skewed_foursquare, layout_basic,
          nicolae_overflow_ecumenical_swirl, uniq_sigmund
D:4:      layout_loops_corners, minmay_gold_behind_fungi
D:5:      cheibrodos_iron_armory, layout_basic, temple_green
D:6:      layout_basic, corexii_leaking_fountain, lemuel_flamethrower_2
D:7:      minmay_the_grid_plus_closed [minmay_the_grid_outer_circle,
          minmay_the_grid_minigrid_medium, minmay_the_grid_square_x,
          minmay_the_grid_garden, minmay_the_grid_prize_inner_circle],
          layout_rooms
Temple:   hellmonk_temple_of_storms

Skill      XL: |  1  2  3  4  5  6  7  8  9 |
---------------+----------------------------+-----
Axes           | 3 4 5 6 7 9 11 12 | 12.4
Fighting       | |  3.0
Armour         | |  1.7
Dodging        | |  1.7

Action                     |  1- 3 |  4- 6 |  7- 9 || total
---------------------------+-------+-------+-------++-------
  Melee: War axe           |    54 |    88 |   143 ||   285
         Hand axe          |     1 |       |       ||     1
         Tailslap          |     4 |    12 |    22 ||    38
         Punch             |       |     2 |     1 ||     3
 Invoke: Berserk           |       |     2 |     2 ||     4
 Armour: Animal skin       |    29 |       |       ||    29
         Scale mail        |     7 |    27 |    14 ||    48
         Ring mail         |       |       |    10 ||    10
         Plate armour      |       |       |    47 ||    47
  Dodge: Dodged            |    31 |    36 |    77 ||   144
  Block: Other             |       |    17 |    43 ||    60

Table legend: (Time is in decaauts)
 A = Elapsed time spent in this place.
 B = Non-inter-level travel time spent in this place.
 C = Inter-level travel time spent in this place.
 D = Time resting spent in this place.
 E = Time spent auto-exploring this place.
 F = Levels seen in this place.
 G = Mean time per level.
                   A        B        C        D        E       F      G
               +--------+--------+--------+--------+--------+-----+--------+
         Total |   5659 |   5483 |    176 |    256 |   4429 |   8 |  707.4 |
       Dungeon |   5652 |   5476 |    176 |    256 |   4429 |   7 |  807.4 |
        Temple |      6 |      6 |      0 |      0 |      0 |   1 |    6.0 |
               +--------+--------+--------+--------+--------+-----+--------+

Top non-repeatable levels by time:
     D:3: 1061 daAuts
     D:1: 885 daAuts
     D:6: 855 daAuts
     D:4: 837 daAuts
     D:5: 818 daAuts
     D:2: 800 daAuts
     D:7: 392 daAuts
  Temple: 6 daAuts
